 Dungeon Crawl Stone Soup version 0.18-a0-1284-g43455fe (webtiles) character file.

170714 RedPan the Eclecticist (level 17, -7/93 HPs)
             Began as a Deep Elf Fire Elementalist on Feb 8, 2016.
             Was the Champion of Vehumet.
             Mangled by a ghost moth (11 damage)
             ... on level 2 of the Spider Nest.
             The game lasted 02:40:38 (44254 turns).

RedPan the Eclecticist (DEFE)                      Turns: 44254, Time: 02:40:40

Health: -7/93      AC:  9    Str:  2    XL:     17   Next: 13%
Magic:  0/55       EV: 22    Int: 33    God:    Vehumet [******]
Gold:   2414       SH:  7    Dex: 15    Spells: 9 memorised, 17 levels left

rFire  . . .     SeeInvis .     J - staff of power
rCold  + + .     Gourm    +     m - +1 robe "Juumil" {+Fly rC++ rCorr Str-3} (curse)
rNeg   . . .     Faith    .     I - +2 buckler
rPois  .         Spirit   .     n - +0 helmet
rElec  .         Dismiss  .     a - +2 cloak
rCorr  +         Reflect  .     x - +0 pair of gloves
SustAt +         Harm     .     (no boots)
MR     +++..                    t - amulet of the gourmand
Stlth  ++........               C - ring of the Mage {Wiz MR++ Int+3}
                                r - ring of sustain attributes

@: lethally poisoned (-7 -> -22), about to teleport, extremely resistant to
hostile enchantments, unstealthy
A: clever 1
a: Renounce Religion, Evoke Flight
}: 1/15 runes: barnacled


You were on level 2 of the Spider Nest.
You worshipped Vehumet.
Vehumet was exalted by your worship.
You were not hungry.

You visited 6 branches of the dungeon, and saw 32 of its levels.

You collected 2575 gold pieces.
You spent 161 gold pieces at shops.

Inventory:

Hand Weapons
 o - the +11 glaive of Experimentation {drain, Str+2, unknown}
   (You found it on level 4 of the Shoals)

   A truly terrible weapon, it drains the life of those it strikes.
   It affects your strength (+2).
Armour
 a - a +2 cloak (worn)
 m - the cursed +1 robe "Juumil" (worn) {+Fly rC++ rCorr Str-3}
   (You found it on level 15 of the Dungeon)

   It affects your strength (-3).
   It greatly protects you from cold.
   It lets you fly.
   It protects you from acid and corrosion.
   It has a curse placed upon it.
 n - a +0 helmet (worn)
 x - a +0 pair of gloves (worn)
 I - a +2 buckler (worn)
 R - a +2 robe of fire resistance
Magical Staves
 J - an uncursed staff of power (weapon)
Jewellery
 h - an uncursed ring of protection from magic
 r - a ring of sustain attributes (left hand)
 s - an uncursed ring of positive energy
 t - an amulet of the gourmand (around neck)
 C - the ring of the Mage (right hand) {Wiz MR++ Int+3}
   (You found it on level 7 of the Dungeon)

   [ring of wizardry]

   It improves your spell success rate.
   It affects your intelligence (+3).
   It affects your resistance to hostile enchantments.
 D - an uncursed ring of protection from cold
 V - an uncursed ring of protection from fire
Wands
 b - a wand of acid (12/15)
 j - a wand of digging (10/24)
 l - a wand of digging (15/24)
 q - a wand of enslavement (16/24)
 v - a wand of heal wounds (0/9)
 A - a wand of teleportation (2/9)
Scrolls
 e - a scroll of enchant weapon
 g - 7 scrolls of remove curse
 i - a scroll of noise {unknown}
 y - 3 scrolls of fear
 E - 2 scrolls of fog
 G - 4 scrolls of identify
 Q - 2 scrolls of magic mapping
Potions
 k - a potion of agility
 p - a potion of curing
 X - 2 potions of cancellation
Books
 c - a book of the Tempests

   Spells                             Type                      Level
   a - Static Discharge               Conjuration/Air              3
   b - Lightning Bolt                 Conjuration/Air              5
   c - Fireball                       Conjuration/Fire             5
   d - Tornado                        Air                          9
   e - Shatter                        Earth                        9
Comestibles
 d - a beef jerky
 f - 4 meat rations


   Skills:
 - Level 6.1 Fighting
 - Level 6.0 Armour
 + Level 15.4 Dodging
 - Level 2.4 Stealth
 - Level 4.4 Shields
 - Level 17.0 Spellcasting
 - Level 16.5 Conjurations
 + Level 14.4 Fire Magic
 - Level 11.1 Evocations


You had 17 spell levels left.
You knew the following spells:

 Your Spells              Type           Power        Failure   Level  Hunger
a - Flame Tongue          Conj/Fire      #####        0%          1    None
b - Throw Flame           Conj/Fire      ######       0%          2    None
c - Sticky Flame          Conj/Fire      #######.     1%          4    None
d - Stone Arrow           Conj/Erth      ######       1%          3    None
e - Fireball              Conj/Fire      #######...   1%          5    None
f - Iskenderun's Mystic   Conj           #######.     0%          4    None
g - Bolt of Cold          Conj/Ice       ######....   1%          6    None
h - Delayed Fireball      Conj/Fire      N/A          1%          7    ####...
i - Bolt of Fire          Conj/Fire      #######...   1%          6    None


Dungeon Overview and Level Annotations

Branches:
Dungeon (15/15)            Temple (1/1) D:4            Lair (8/8) D:9
 Shoals (4/4) Lair:4       Spider (2/4) Lair:3        Slime (0/6) Lair:6
    Orc (2/2) D:11            Elf (0/3) Orc:2        Vaults (0/5) D:13
 Depths (0/5) D:15

Altars:
Ashenzari
Cheibriados
Dithmenos
Elyvilon
Fedhas
Gozag
Kikubaaqudgha
Makhleb
Nemelex Xobeh
Okawaru
Pakellas
Qazlal
Ru
Sif Muna
Trog
Vehumet
Xom
Yredelemnul
Zin
The Shining One
Jiyva

Shops:
D:4 }   D:8 }   D:14 (*(

Portals:
Trove: D:14 (give +4 fire dragon armour)

Annotations:
D:6 !SHITTER BEWARE
D:7 2 runed doors
D:14 1 runed door, exclusion: orange crystal statue
Shoals:4 Ilsuiw
Orc:1 soonmide's ghost, journeyman DsAK


Innate Abilities, Weirdness & Mutations

Your mind is acute. (Int +2)


Message History

Zapping:
A - a wand of teleportation (3/9)
Press: ? - help, Shift-Dir - straight line, f - you, p - wolf spider You feel strangely unstable.
This wand has 2 charges left.
You hear an angry hiss. x4; You hear an angry buzzing noise.
You hear an angry hiss. x2; You hear a hideous shriek!
You hear an angry hiss. x3
The wolf spider completely misses you. The wolf spider bites you!
* * * LOW HITPOINT WARNING * * *
You feel you are being watched by something.
You feel your power leaking away. Something closely misses you.
Something hits you!
* * * LOW HITPOINT WARNING * * *
You feel dopey for a moment. Something stings you.
* * * LOW HITPOINT WARNING * * *
You block the wolf spider's attack. The wolf spider bites you.
* * * LOW HITPOINT WARNING * * *
You are lethally poisoned!
The wolf spider poisons you!
You feel you are being watched by something.
Something hits you!
You die...

#########.>.#.......
#......##..#.#.#..# .
#...##.^##..#....†# ..#
#...###..#........#.#..
####.#^.###......##..#s..#.$.
#...^....#####.##..s.^....... .
#..#.#†#^..###..#..#..s.#.... .#
##....#....#.#........#..s..#....
#.#.#.#.##..###.@{#§......#.#..#.
#.#########.####.s..##.......#s..
^#.# ##.##.#..##^†.#*.....##.§.#.
..####.#.##.^.#.#...s...#...#....
.####..^.#.#..##..#...#.....#...^
..##..<..##..##.....##..##..#....
.####.^.#..#.^#..#......^ #......
#.#^.##.......#..###s.....#..#..#
.#^##^#..#....### ...s#.#...#.#.


You could see a wolf spider, 2 orb spiders, a jumping spider and a redback.

Vanquished Creatures
  A kraken (Shoals:3)
  Kirke (Lair:5)
  Donald (Shoals:1)
  Maud (Lair:5)
  A fire giant (D:15)
  The ghost of Psiweapon the Unseen, an adept KoHu of Dithmenos (Shoals:1)
  Nessos (Lair:5)
  A dire elephant (Lair:8)
  A vault guard (D:13)
  5 merfolk javelineers
  11 merfolk impalers
  Snorg (D:14)
  A rakshasa (D:13)
  Fannar (D:12)
  8 hydras
  Harold (D:12)
  Erolcha (D:8)
  Erica (D:9)
  An ogre mage (D:15)
  A catoblepas (Lair:8)
  2 death knights
  A merfolk avatar (Shoals:4)
  2 centaur warriors (D:15)
  3 merfolk aquamancers (Shoals:4)
  A tengu warrior (D:13)
  9 death yaks (Lair:8)
  A deep troll shaman (Lair:8)
  Sonja (D:12)
  A skeletal warrior (D:13)
  5 unseen horrors
  A deep troll (D:15)
  2 wizards
  10 sea snakes
  5 hill giants
  Pikel (D:8)
  2 phantasmal warriors
  3 orb spiders (Spider:2)
  A harpy (Shoals:4)
  6 wolf spiders (Spider:1)
  2 hornets (Spider:1)
  The ghost of Faustar the Blocker, a novice FoFi (D:6)
  24 ugly things
  3 deep elf magi
  A lindwurm (shapeshifter) (D:15)
  An orc knight (D:15)
  5 manticores
  2 orc sorcerers (Orc:2)
  2 water nymphs (Shoals:4)
  8 griffons
  6 cyclopes
  5 sirens
  6 black mambas
  8 elephants
  Psyche (D:8)
  A molten gargoyle (D:14)
  Maurice (D:12)
  3 gargoyles
  5 kobold demonologists
  11 spiny frogs
  9 komodo dragons
  3 freezing wraiths
  A yaktaur (D:15)
  4 efreet
  2 demonic crawlers
  6 fire drakes
  4 trolls
  21 merfolk
  2 two-headed ogres
  16 jumping spiders
  A queen bee (Spider:1)
  32 blink frogs
  A hornet zombie (D:15)
  11 slime creatures
  3 snapping turtles
  6 tarantellas
  A water elemental (Lair:4)
  4 shadows
  14 redbacks
  3 wyverns
  53 yaks
  The ghost of Gottschkopf the Skirmisher, an amateur DrBe of Trog (D:4)
  3 wraiths
  A hog (Lair:5)
  4 humans (Lair:5)
  2 hungry ghosts
  3 vampire mosquitoes
  11 hippogriffs
  2 wargs
  22 wolves
  3 mottled dragons
  14 water moccasins
  A soldier ant (D:13)
  12 porcupines
  An eye of draining (D:14)
  9 orc warriors
  A wasp (shapeshifter) (D:15)
  4 slaves (D:8)
  7 ice beasts
  7 black bears
  3 phantoms
  6 sky beasts
  10 ogres
  14 centaurs
  22 crocodiles
  7 big kobolds
  19 giant frogs
  Blork the orc (D:4)
  A wyvern skeleton (D:13)
  A water moccasin zombie (D:6)
  5 scorpions
  A water moccasin skeleton (D:7)
  13 killer bees
  12 wights
  3 spriggan skeletons (D:9)
  7 electric eels
  12 crimson imps
  6 centaur zombies
  2 giant frog zombies
  2 jellies
  2 lava snakes (D:14)
  A quasit (D:9)
  11 orc priests
  A giant frog skeleton (D:13)
  7 hounds
  14 orc wizards
  5 centaur skeletons
  16 iguanas
  8 worker ants
  19 sheep
  A hound zombie (D:7)
  12 adders
  68 river rats
  6 shadow imps
  2 oozes
  A worm (D:4)
  7 giant geckos
  44 orcs
  9 giant cockroaches
  4 hobgoblins
  14 jackals
  4 quokkas
  3 ball pythons
  15 bats
  A giant gecko skeleton (D:4)
  3 giant newts
  7 goblins
  38 kobolds
  8 rats
  A bush (Lair:8)
  9 fungi
  8 plants
  2 tentacles (Shoals:3)
997 creatures vanquished.

Vanquished Creatures (others)
  28 fungi
  25 plants
  2 tentacles (Shoals:3)
  61 tentacle segments (Shoals:3)
116 creatures vanquished.

Grand Total: 1113 creatures vanquished

Notes
Turn   | Place    | Note
--------------------------------------------------------------
     0 | D:1      | RedPan the Deep Elf Fire Elementalist began the quest for the Orb.
     0 | D:1      | Reached XP level 1. HP: 10/10 MP: 6/6
   322 | D:1      | Reached XP level 2. HP: 15/15 MP: 2/8
   378 | D:1      | Learned a level 2 spell: Throw Flame
   623 | D:1      | Reached skill level 4 in Fire Magic
  1054 | D:2      | Reached XP level 3. HP: 19/19 MP: 8/10
  1323 | D:2      | Found a basalt altar of Yredelemnul.
  1598 | D:2      | Found an oddly glowing altar of Pakellas.
  1659 | D:2      | Reached XP level 4. HP: 20/24 MP: 8/12
  2135 | D:2      | Reached skill level 11 in Spellcasting
  2135 | D:2      | Reached XP level 5. HP: 28/28 MP: 12/20
  2187 | D:2      | Learned a level 4 spell: Sticky Flame
  2191 | D:2      | Learned a level 3 spell: Stone Arrow
  2197 | D:2      | Learned a level 5 spell: Fireball
  2343 | D:3      | Noticed a centaur
  2356 | D:3      | Killed a centaur
  2415 | D:3      | Reached XP level 6. HP: 33/33 MP: 16/22
  2445 | D:3      | Reached skill level 1 in Fighting
  3146 | D:4      | Found a staircase to the Ecumenical Temple.
  3348 | Temple   | Entered the Ecumenical Temple
  3439 | Temple   | Became a worshipper of Vehumet
  3488 | D:4      | Noticed Blork the orc
  3519 | D:4      | Killed Blork the orc
  3524 | D:4      | Noticed Gottschkopf's ghost (amateur DrBe)
  3790 | D:4      | Killed Gottschkopf's ghost
  3790 | D:4      | Reached skill level 5 in Fire Magic
  3790 | D:4      | Reached XP level 7. HP: 40/40 MP: 2/23
  4060 | D:4      | Found Yrchuhi's Gadget Boutique.
  4497 | D:5      | Entered Level 5 of the Dungeon
  4626 | D:5      | Reached XP level 8. HP: 46/46 MP: 17/25
  5706 | D:6      | Noticed Faustar's ghost (novice FoFi)
  6474 | D:5      | Reached skill level 1 in Shields
  7643 | D:7      | Reached * piety under Vehumet
  7643 | D:7      | Offered knowledge of Magic Dart by Vehumet.
  7652 | D:7      | Found a large runed door.
  7652 | D:7      | Found a large runed door.
  7668 | D:7      | Reached XP level 9. HP: 50/50 MP: 17/26
  7912 | D:7      | Found a large runed door.
  7912 | D:7      | Found a large runed door.
  8144 | D:7      | Noticed a brown ugly thing
  8152 | D:7      | Killed a brown ugly thing
  8563 | D:7      | Killed an unseen horror
  9082 | D:8      | Noticed Pikel
  9086 | D:8      | Killed Pikel
  9086 | D:8      | Reached skill level 5 in Dodging
  9086 | D:8      | Reached XP level 10. HP: 56/56 MP: 11/27
  9535 | D:8      | Noticed Psyche
  9539 | D:8      | Killed Psyche
  9620 | D:8      | Found Jesuut's Gadget Boutique.
  9766 | D:6      | Killed Faustar's ghost
  9898 | D:8      | Reached skill level 10 in Fire Magic
 10099 | D:8      | Noticed Erolcha
 10103 | D:8      | Killed Erolcha
 10591 | D:9      | Gained mutation: Your mind is acute. (Int +2) [potion of beneficial mutation]
 10644 | D:9      | Reached ** piety under Vehumet
 10647 | D:9      | Noticed Erica
 10654 | D:9      | Killed Erica
 10654 | D:9      | Offered knowledge of Throw Frost by Vehumet.
 10956 | D:9      | Reached XP level 11. HP: 60/60 MP: 28/28
 11285 | D:9      | Offered knowledge of Static Discharge by Vehumet.
 11296 | D:9      | Found a staircase to the Lair.
 11615 | D:9      | Killed an unseen horror
 11814 | D:10     | Entered Level 10 of the Dungeon
 11821 | D:10     | Reached *** piety under Vehumet
 12061 | D:10     | Reached skill level 12 in Spellcasting
 12409 | D:10     | Offered knowledge of Olgreb's Toxic Radiance by Vehumet.
 12682 | Lair:1   | Entered Level 1 of the Lair of Beasts
 12998 | Lair:1   | Reached skill level 5 in Fighting
 13339 | Lair:2   | Reached skill level 13 in Spellcasting
 13377 | Lair:2   | Identified a scroll of acquirement
 13898 | Lair:2   | Reached **** piety under Vehumet
 14091 | Lair:2   | Offered knowledge of Airstrike by Vehumet.
 14097 | Lair:2   | Noticed an eight-headed hydra
 14101 | Lair:2   | Killed an eight-headed hydra
 14101 | Lair:2   | Reached XP level 12. HP: 70/70 MP: 26/31
 14935 | Lair:3   | Noticed a seven-headed hydra
 14943 | Lair:3   | Killed a seven-headed hydra
 14943 | Lair:3   | Reached skill level 14 in Spellcasting
 15204 | Lair:3   | Found a hole to the Spider Nest.
 15226 | Lair:3   | Reached skill level 10 in Dodging
 16130 | Lair:4   | Reached skill level 15 in Spellcasting
 16131 | Lair:4   | Reached ***** piety under Vehumet
 16378 | Lair:4   | Got a flickering lead amulet
 16379 | Lair:4   | Identified the amulet "Woavem" {Harm *Drain rPois Int+4 Stlth-} (You found it on level 4 of the Lair of Beasts)
 16465 | Lair:4   | Offered knowledge of Poison Arrow by Vehumet.
 16466 | Lair:4   | Noticed an eight-headed hydra
 16467 | Lair:4   | Noticed a six-headed hydra
 16469 | Lair:4   | Killed a six-headed hydra
 16472 | Lair:4   | Killed an eight-headed hydra
 16951 | Lair:4   | Found a staircase to the Shoals.
 17432 | Lair:5   | Noticed Nessos
 17432 | Lair:5   | Noticed Kirke
 17847 | D:11     | Reached XP level 13. HP: 74/74 MP: 33/34
 17969 | D:11     | Reached skill level 16 in Spellcasting
 18342 | D:11     | Found a staircase to the Orcish Mines.
 18928 | D:11     | Found a sacrificial altar of Ru.
 19195 | Orc:1    | Entered Level 1 of the Orcish Mines
 19242 | Orc:1    | Found a bloodstained altar of Trog.
 19261 | Orc:1    | Noticed soonmide's ghost (journeyman DsAK)
 19479 | D:11     | Reached skill level 10 in Conjurations
 19813 | D:12     | Noticed Fannar
 19816 | D:12     | Killed Fannar
 19818 | D:12     | Noticed Harold
 19824 | D:12     | Killed Harold
 20051 | D:12     | Noticed Sonja
 20356 | D:12     | Reached skill level 17 in Spellcasting
 20424 | D:12     | Killed Sonja
 20424 | D:12     | Reached skill level 1 in Armour
 20639 | D:12     | Noticed Maurice
 20642 | D:12     | Killed Maurice
 22105 | D:13     | Offered knowledge of Iskenderun's Mystic Blast by Vehumet.
 22105 | D:13     | Reached XP level 14. HP: 80/80 MP: 17/37
 22926 | D:13     | Learned a level 4 spell: Iskenderun's Mystic Blast
 23215 | D:13     | Reached skill level 5 in Armour
 23541 | D:13     | Identified a +1 rod of clouds (12/12) (You found it on level 13 of the Dungeon)
 23926 | D:13     | Found a gate to the Vaults.
 24018 | D:14     | Noticed Snorg
 24021 | D:14     | Killed Snorg
 24148 | D:14     | Found Vepidil's Weapon Shoppe.
 24403 | D:14     | Found a portal to a secret trove of treasure.
 24734 | D:14     | Found Doaboaze's Weapon Shoppe.
 25082 | D:14     | Found a runed door.
 25145 | D:14     | Found Bireugy's General Store.
 25148 | D:14     | Bought a scroll of identify for 28 gold pieces
 25148 | D:14     | Bought a scroll of recharging for 133 gold pieces
 25277 | D:15     | Entered Level 15 of the Dungeon
 25353 | D:15     | Reached skill level 1 in Evocations
 26578 | D:15     | Noticed a fire giant
 26584 | D:15     | Killed a fire giant
 26584 | D:15     | Reached skill level 5 in Evocations
 27619 | D:15     | Found a staircase to the Depths.
 27744 | D:15     | Found a shadowy altar of Dithmenos.
 28153 | D:15     | Offered knowledge of Bolt of Cold by Vehumet.
 28243 | D:15     | Learned a level 6 spell: Bolt of Cold
 28257 | D:15     | Reached XP level 15. HP: 77/84 MP: 34/38
 28465 | D:15     | Got a faintly humming robe
 28476 | D:15     | Identified the cursed +1 robe "Juumil" {+Fly rC++ rCorr Str-3} (You found it on level 15 of the Dungeon)
 28477 | D:15     | Got a scintillating lapis lazuli ring
 28479 | D:15     | Identified the ring "Yma Eleitafo" {+Inv +Fly rElec} (You found it on level 15 of the Dungeon)
 29327 | Lair:5   | Noticed Maud
 29334 | Lair:5   | Killed Maud
 29937 | Lair:5   | Reached skill level 15 in Conjurations
 29938 | Lair:5   | Killed Kirke
 29942 | Lair:5   | Killed Nessos
 30472 | Lair:6   | Found a staircase to the Slime Pits.
 30473 | Lair:6   | Found a viscous altar of Jiyva.
 32236 | Lair:7   | Offered knowledge of Delayed Fireball by Vehumet.
 32245 | Lair:7   | Learned a level 7 spell: Delayed Fireball
 32830 | Lair:8   | Entered Level 8 of the Lair of Beasts
 33048 | Lair:8   | Reached skill level 10 in Evocations
 33358 | Lair:8   | Found a shadowy altar of Dithmenos.
 34811 | Lair:8   | Reached XP level 16. HP: 88/88 MP: 39/39
 35688 | Orc:1    | Offered knowledge of Ozocubu's Refrigeration by Vehumet.
 35922 | Orc:2    | Entered Level 2 of the Orcish Mines
 35922 | Orc:2    | Found a staircase to the Elven Halls.
 36549 | Shoals:1 | Entered Level 1 of the Shoals
 36789 | Shoals:1 | Noticed Psiweapon's ghost (adept KoHu)
 37524 | Lair:4   | HP: 2/88 [poisoned by Psiweapon's ghost]
 37874 | Shoals:1 | Killed Psiweapon's ghost
 38234 | Shoals:1 | Noticed Donald
 38239 | Shoals:1 | Killed Donald
 38710 | Shoals:3 | Noticed a kraken
 38853 | Shoals:3 | Killed a kraken
 39155 | Shoals:4 | Entered Level 4 of the Shoals
 39437 | Shoals:4 | Got a slimy glaive
 41146 | Shoals:4 | Got a barnacled rune of Zot
 41274 | Shoals:4 | Offered knowledge of Bolt of Fire by Vehumet.
 41679 | Shoals:4 | Learned a level 6 spell: Bolt of Fire
 41749 | Shoals:4 | Noticed Ilsuiw
 42453 | Spider:1 | Entered Level 1 of the Spider Nest
 42601 | Spider:1 | Reached skill level 15 in Dodging
 42607 | Spider:1 | Reached XP level 17. HP: 93/93 MP: 15/40
 44243 | Spider:2 | Offered knowledge of Orb of Destruction by Vehumet.
 44244 | Spider:2 | Reached ****** piety under Vehumet
 44254 | Spider:2 | HP: 4/93 [wolf spider (6)]
 44254 | Spider:2 | Mangled by a ghost moth

Vault maps used:
D:1:      matt_arrival_refuge
D:2:      nicolae_overflow_crystal_walls, grunt_pakellas_salt, minmay_bad_closet
D:4:      minmay_temple_entry_glass, first_bread, serial_shops, shop,
          uniq_blork_the_orc
D:6:      minivault_1
D:7:      minmay_hollow_rounded_squares
D:8:      serial_shops, shop_fountains, uniq_pikel, uniq_psyche, uniq_erolcha
D:9:      dpeg_oklobed_lair, hangedman_tell_no_tales, uniq_erica
D:11:     david_orc_3, hex_intersection, nicolae_ru_the_path_less_chosen
D:12:     uniq_sonja, uniq_maurice, uniq_harold, uniq_fannar
D:13:     david_vaults_5, kennysheep_generic_room_7
D:14:     kennysheep_big_empty_room, serial_shops, nicolae_shop_trees, shop,
          kennysheep_mini, enter_trove_1, minmay_crystal_box, uniq_snorg
D:15:     grunt_enter_depths_giant_problem, minmay_misc_feat_rows, basic_altar,
          minmay_door_square, minivault_12
Temple:   kilobyte_greek_temple_18
Lair:2:   serial_bayou_shore_b, serial_bayou_shore_a, infiniplex_staircase_pool
Lair:3:   nicolae_spider_entry_tight_spaces, serial_bayou_shore_b
Lair:4:   minmay_shoals_entry_hut
Lair:5:   serial_bayou_pond_c, uniq_maud, uniq_nessos, uniq_kirke
Lair:6:   slime_altar_1
Lair:7:   st_stairs_10, nicolae_quartered_pool_little, grunt_megastairs_3
Lair:8:   grunt_lair_end_beastmaster, enter_volcano_3, basic_altar,
          serial_bayou_shore_b
Shoals:1: uniq_donald
Shoals:4: shoals_end_simple, shoals_ilsuiw_alternative
Spider:1: nicolae_looking_at_the_future
Spider:2: nicolae_spider_stair_cavern, uniq_frances
Orc:1:    lemuel_ogre_cave, basic_altar
Orc:2:    grunt_orc_cross, mines2_lemuel

Action                   |  1- 3 |  4- 6 |  7- 9 | 10-12 | 13-15 | 16-18 || total
-------------------------+-------+-------+-------+-------+-------+-------++-------
Melee: Dagger            |    19 |    15 |    39 |       |       |       ||    73
       Staff             |       |       |       |     3 |     7 |     7 ||    17
 Cast: Flame Tongue      |    80 |    47 |    18 |       |       |       ||   145
       Throw Flame       |     2 |    11 |   107 |   234 |    29 |     5 ||   388
       Fireball          |       |     7 |    35 |   166 |   586 |   161 ||   955
       Sticky Flame      |       |     1 |    19 |    30 |    77 |    31 ||   158
       Stone Arrow       |       |       |     7 |    11 |     4 |       ||    22
       Iskenderun's Myst |       |       |       |       |    87 |    14 ||   101
       Bolt of Cold      |       |       |       |       |    28 |    86 ||   114
       Delayed Fireball  |       |       |       |       |     2 |     7 ||     9
       Bolt of Fire      |       |       |       |       |       |    69 ||    69
 Abil: Release Delayed F |       |       |       |       |     2 |     7 ||     9
Evoke: Wand              |       |       |       |       |     6 |    14 ||    20
  Use: Scroll            |     1 |     4 |       |    24 |     6 |     7 ||    42
       Potion            |       |     3 |       |     4 |     1 |    11 ||    19
 Stab: Sleeping          |       |     2 |     2 |       |       |       ||     4
  Eat: Chunk             |     2 |     6 |    11 |    20 |    48 |    18 ||   105
       Beef jerky        |       |     1 |       |       |       |     1 ||     2
       Bread ration      |       |       |     1 |     1 |       |       ||     2
       Meat ration       |       |       |     1 |     1 |     2 |     1 ||     5
       Fruit             |       |       |       |     3 |     2 |       ||     5
       Pizza             |       |       |       |     1 |       |     1 ||     2
